 Dungeon Crawl Stone Soup version 0.32-a0-918-g0f22ef8d61 (webtiles) character file.

Game seed: 16639979746401665254

178 porpoise the Poker (level 5, -10/41 HPs)
             Began as a Demonspawn Gladiator on Apr 11, 2024.
             Mangled by Pikel
             ... wielding a +2 whip of electrocution
              (17 damage)
             ... on level 4 of the Dungeon.
             The game lasted 00:06:26 (2829 turns).

porpoise the Poker (Demonspawn Gladiator)           Turns: 2829, Time: 00:06:27

Health: -10/41     AC: 10    Str: 16    XL:     5   Next: 32%
Magic:  5/5        EV: 10    Int:  8    God:
Gold:   117        SH:  9    Dex: 15    Spells: 4/4 levels left

rFire   . . .        a - +1 trident
rCold   . . .        j - +0 buckler
rNeg    . . .        m - +0 ring mail
rPois   .            c - +0 helmet
rElec   .            h - +0 cloak
rCorr   .            (no gloves)
SInv    +            (no boots)
Will    +....        p - amulet of reflection
Stlth   +            o - ring of willpower
HPRegen 0.26/turn    t - ring of see invisible
MPRegen 0.09/turn

%: reflection
@: no status effects
A: hooves 1, thin metallic scales 2, ignite blood 1
a: no special abilities


You were on level 4 of the Dungeon.
You visited 1 branch of the dungeon, and saw 4 of its levels.

You collected 117 gold pieces.

Inventory:

Hand Weapons
 a - a +1 trident (weapon)
 b - a +0 sling
Missiles
 d - 3 throwing nets (quivered)
 e - a javelin
 i - 8 poisoned darts
 v - 2 boomerangs
Armour
 c - a +0 helmet (worn)
 h - a +0 cloak (worn)
 j - a +0 buckler (worn)
 m - a +0 ring mail (worn)
Jewellery
 o - a ring of willpower (left hand)
 p - an amulet of reflection (around neck)
 t - a ring of see invisible (right hand)
Scrolls
 f - a scroll of amnesia
 g - a scroll of enchant weapon
 k - a scroll of immolation {unknown}
 q - a scroll of identify {unknown}
 r - a scroll of teleportation
 s - a scroll of torment {unknown}
 u - a scroll of fear {unknown}
 y - a scroll of noise {unknown}
 z - a scroll of poison {unknown}
Potions
 l - a potion of curing {unknown}
 n - 2 potions of ambrosia {unknown}
 w - a potion of enlightenment {unknown}
 x - a potion of lignification {unknown}


   Skills:
 + Level 3.2 Fighting
 * Level 4.4 Polearms
 - Level 1.7 Throwing
 - Level 2.6 Dodging
 + Level 1.7 Shields


You had 4 spell levels left.
You didn't know any spells.
Your spell library contained the following spells:

 Spells                   Type           Power      Damage    Failure   Level
 Dazzling Flash           Conj/Hex       0%         N/A       97%         3
 Mephitic Cloud           Conj/Alch/Air  0%         N/A       97%         3
 Curse of Agony           Necr           0%         N/A       100%        5
 Silence                  Hex/Air        0%         N/A       100%        5


Dungeon Overview and Level Annotations

Branches:
Dungeon (4/15)
 Temple: D:4-7

Altars:
Hepliaklqana
Uskayaw
Wu Jian

Annotations:
D:4 Pikel


Innate Abilities, Weirdness & Mutations

You have large cloven feet.
You are mostly covered in thin metallic scales. (AC +3)
Your demonic aura sometimes causes spilled blood to erupt in flames.


Message History

You closely miss Pikel. You kick Pikel, but do no damage.
Pikel hits you with a +2 whip of electrocution.
You closely miss Pikel. Your kick misses Pikel.
Pikel hits you with a +2 whip of electrocution.
You are electrocuted!!
You closely miss Pikel. Your kick misses Pikel. Pikel closely misses you.
You block Pikel's attack.
You barely miss Pikel. You kick Pikel.
Pikel is lightly wounded.
Pikel barely misses you.
You hit Pikel but do no damage.
Pikel is lightly wounded.
Pikel hits you with a +2 whip of electrocution.
* * * LOW HITPOINT WARNING * * *
You puncture Pikel!
Pikel is moderately wounded.
The lemure is engulfed in blazing flames.
You block Pikel's attack.
You barely miss Pikel. You kick Pikel, but do no damage.
Pikel is moderately wounded.
The lemure is engulfed in blazing flames.
You block Pikel's attack.
You barely miss Pikel.
Pikel is moderately wounded.
The lemure is engulfed in blazing flames.
You kill the lemure!
That felt strangely unrewarding.
Pikel misses you.
You barely miss Pikel.
Pikel is moderately wounded.
Pikel hits you but does no damage.
You closely miss Pikel. You kick Pikel.
Pikel is heavily wounded.
You block Pikel's attack.
You barely miss Pikel.
Pikel is heavily wounded.
Pikel hits you with a +2 whip of electrocution.
* * * LOW HITPOINT WARNING * * *
You are electrocuted!
You die...
Pikel says, "See you in Hell!"

#<# #.# #.# #.# #.#
#### #.# ...
###.######
#.########.........
#.@..........######
#K########.### #.
#.# #. #.# #. #.#
#. #.# .. #.# #.
#.# #.#


You could see Pikel.

Vanquished Creatures
  4 lemures (D:4)
  An orc priest (D:3)
  Jessica (D:2)
  Robin (D:4)
  3 gnolls (D:2)
  An adder (D:2)
  2 dart slugs
  A ribbon worm (D:2)
  5 orcs (D:3)
  7 ball pythons
  4 bats (D:1)
  2 endoplasms
  3 giant cockroaches
  9 goblins
  9 hobgoblins
  2 jackals (D:2)
  A quokka (D:3)
  2 frilled lizards (D:1)
  4 kobolds
  2 rats (D:2)
64 creatures vanquished.

Notes
Turn   | Place    | Note
-------+----------+-------------------------------------------
     0 | D:1      | porpoise the Demonspawn Gladiator began the quest for the
                  | Orb.
     0 | D:1      | Reached XP level 1. HP: 16/16 MP: 1/1
   218 | D:1      | Reached skill level 3 in Polearms
   268 | D:1      | Gained mutation: You are partially covered in thin metallic
                  | scales. (AC +2) [demonic ancestry]
   268 | D:1      | Reached XP level 2. HP: 22/22 MP: 2/2
  1175 | D:2      | Gained mutation: You have large cloven feet. [demonic
                  | ancestry]
  1175 | D:2      | Reached XP level 3. HP: 28/28 MP: 3/3
  1313 | D:2      | HP: 1/28 [gnoll/+0 halberd (3)]
  1456 | D:2      | Noticed Jessica
  1460 | D:2      | Killed Jessica
  1461 | D:2      | Reached skill level 4 in Polearms
  1461 | D:2      | Reached skill level 1 in Shields
  1461 | D:2      | Gained mutation: You are mostly covered in thin metallic
                  | scales. (AC +3) [demonic ancestry]
  1461 | D:2      | Reached XP level 4. HP: 26/34 MP: 4/4
  2060 | D:3      | Found an ornate altar of the Wu Jian Council.
  2105 | D:3      | Found a hazy altar of Hepliaklqana.
  2105 | D:3      | Found a hide-covered altar of Uskayaw.
  2407 | D:3      | Gained mutation: Your demonic aura sometimes causes spilled
                  | blood to erupt in flames. [demonic ancestry]
  2407 | D:3      | Reached XP level 5. HP: 38/41 MP: 5/5
  2687 | D:4      | Noticed Robin
  2700 | D:4      | Killed Robin
  2757 | D:4      | Noticed a lemure
  2769 | D:4      | Killed a lemure
  2797 | D:4      | Noticed Pikel
  2797 | D:4      | Noticed a lemure
  2797 | D:4      | Noticed a lemure
  2797 | D:4      | Noticed a lemure
  2801 | D:4      | Killed a lemure
  2818 | D:4      | Killed a lemure
  2826 | D:4      | Killed a lemure
  2829 | D:4      | Mangled by Pikel

Illustrated notes

Levels and vault maps discovered:
D:1:      tarquinn_simple_flora_water_e, layout_basic, minmay_misc_feat_chi
D:2:      layout_loops_ring, uniq_jessica
D:3:      layout_loops_ring, nicolae_overflow_two_pavilions,
          mainiacjoe_overflow_boulevard
D:4:      minmay_octagon_keep, layout_loops_ring, amcnicky_altar_gilded,
          mainiacjoe_overflow_chevrons, okawaru_trees_1,
          nemelex_spade_bored_becter, enter_ossuary_2,
          kennysheep_generic_room_14, uniq_robin, uniq_pikel

Skill      XL: |  1  2  3  4 |
---------------+-------------+-----
Polearms       | 3 4 |  4.4
Shields        | 1 |  1.7
Fighting       | 3 |  3.2
Throwing       | |  1.7
Dodging        | |  2.6

Action                     |  1- 3 |  4- 6 || total
---------------------------+-------+-------++-------
  Melee: Trident           |   102 |   125 ||   227
         Kick              |     4 |    28 ||    32
    Use: Scroll            |       |     3 ||     3
 Armour: Leather armour    |    27 |       ||    27
         Ring mail         |    37 |    40 ||    77
  Dodge: Dodged            |    60 |    38 ||    98
  Block: Buckler           |     7 |    41 ||    48
         Reflection        |       |     2 ||     2

Table legend: (Time is in decaauts)
 A = Elapsed time spent in this place.
 B = Non-inter-level travel time spent in this place.
 C = Inter-level travel time spent in this place.
 D = Time resting spent in this place.
 E = Time spent auto-exploring this place.
 F = Levels seen in this place.
 G = Mean time per level.
                   A        B        C        D        E       F      G
               +--------+--------+--------+--------+--------+-----+--------+
         Total |   2860 |   2770 |     90 |    272 |   1978 |   4 |  715.0 |
       Dungeon |   2860 |   2770 |     90 |    272 |   1978 |   4 |  715.0 |
               +--------+--------+--------+--------+--------+-----+--------+

Top non-repeatable levels by time:
     D:1: 1001 daAuts
     D:2: 997 daAuts
     D:3: 713 daAuts
     D:4: 148 daAuts
